 Dungeon Crawl Stone Soup version 0.23.2-1-ga50397a6bc (webtiles) character file.

Game seed: 14565425862994849367

16230 Gargoyl the Basher (level 12, -1/100 HPs)
             Began as a Centaur Abyssal Knight on May 16, 2019.
             Was a High Priest of Lugonu.
             Slain by a five-headed hydra (6 damage)
             ... on level 4 of the Lair of Beasts.
             The game lasted 00:23:38 (18984 turns).

Gargoyl the Basher (Centaur Abyssal Knight)        Turns: 18984, Time: 00:23:38

Health: -1/100     AC: 15    Str: 16    XL:     12   Next: 8%
Magic:  18/18      EV: 11    Int: 11    God:    Lugonu [*****.]
Gold:   410        SH:  0    Dex: 13    Spells: 11/11 levels left

rFire    + . .     SeeInvis .   t - +10 dark maul {crush}
rCold    . . .     Gourm    .   (shield currently unavailable)
rNeg     . . .     Faith    .   i - +2 ring mail {rPois}
rPois    +         Spirit   .   (no helmet)
rElec    .         Reflect  .   C - +2 cloak
rCorr    .         Harm     .   x - +2 pair of gloves
MR       +....                  (no barding)
Stlth    ..........             r - amulet of rage
HPRegen  0.26/turn              d - ring of protection from magic
MPRegen  0.16/turn              e - ring of protection from fire

@: very quick
A: large, hooves 3, deformed body, speed 2, tough skin 3
a: Depart the Abyss, Bend Space, Banish, Corrupt, Enter the Abyss, Renounce
Religion, Evoke Berserk Rage


You were on level 4 of the Lair of Beasts.
You worshipped Lugonu.
Lugonu was extremely pleased with you.
You were not hungry.

You visited 3 branches of the dungeon, and saw 14 of its levels.
You visited the Abyss 1 time.
You also visited: Sewer.

You collected 874 gold pieces.
You spent 464 gold pieces at shops.

Inventory:

Hand Weapons
 h - a +3 broad axe
 t - the +10 dark maul (weapon) {crush}
   (You found it on level 4 of the Dungeon)

   It inflicts extra damage upon your enemies.
 B - the +8 scimitar "Sahing" {freeze, rPois Int+3 Dex+6}
   (You found it on level 1 of the Lair of Beasts)

   It has been specially enchanted to freeze those struck by it, causing extra
   injury to most foes and up to half again as much damage against particularly
   susceptible opponents.
   It can also slow down cold-blooded creatures.
   It affects your intelligence (+3).
   It affects your dexterity (+6).
   It protects you from poison.
Missiles
 y - 2 poisoned javelins
 I - a tomahawk (quivered)
Armour
 i - a +2 ring mail of poison resistance (worn)
 x - a +2 pair of gloves (worn)
 C - a +2 cloak (worn)
Jewellery
 d - a ring of protection from magic (left hand)
 e - a ring of protection from fire (right hand)
 r - an amulet of rage (around neck)
Wands
 k - a wand of clouds (13)
 l - a wand of polymorph (12)
 n - a wand of random effects (36)
 o - a wand of acid (4)
 s - a wand of paralysis (7)
 A - a wand of flame (20)
 D - a wand of digging (5)
 G - a wand of iceblast (9)
Scrolls
 b - 4 scrolls of teleportation
 g - 10 scrolls of remove curse
 j - 6 scrolls of identify
 q - 4 scrolls of fear
 E - a scroll of blinking
 H - 3 scrolls of amnesia
Potions
 a - 3 potions of flight
 f - a potion of resistance
 m - a potion of cancellation
 p - 4 potions of curing
 u - a potion of haste
 v - a potion of agility
 w - a potion of magic
 z - 3 potions of lignification
 F - 2 potions of invisibility
Comestibles
 c - 16 rations


   Skills:
 + Level 7.5 Fighting
 + Level 4.1(7.5) Axes
 + Level 9.9(10.2) Maces & Flails
 + Level 2.2 Throwing
 * Level 7.6 Armour
 * Level 5.8 Dodging
 * Level 8.8 Invocations
 + Level 0.1 Evocations


You had 11 spell levels left.
You didn't know any spells.
Your spell library contained the following spells:

 Spells                   Type           Power        Failure   Level  Hunger
 Animate Skeleton         Necr           N/A          52%         1    ##.....
 Apportation              Tloc           #.....       52%         1    ##.....
 Confusing Touch          Hex            #.....       52%         1    ##.....
 Summon Small Mammal      Summ           #...         52%         1    ##.....


Dungeon Overview and Level Annotations

Branches:
Dungeon (9/15)             Temple (0/1) D:4            Lair (4/6) D:9
 Shoals (1/4) Lair:2        Snake (0/4) Lair:3
    Orc: D:9-12

Altars:
Ashenzari
Dithmenos
Elyvilon
Fedhas
Gozag
Kikubaaqudgha
Makhleb
Nemelex Xobeh
Okawaru
Qazlal
Ru
Sif Muna
Uskayaw
Wu Jian
Yredelemnul
Zin
The Shining One

Shops:
D:7 *

Annotations:
Lair:1 exclusion: 3 oklob plants


Innate Abilities, Weirdness & Mutations

You have hooves in place of feet.
Armour fits poorly on your strangely shaped body.
You cover ground very quickly.
You have extremely tough skin. (AC +3)


Message History

The five-headed hydra bites you but does no damage.
The five-headed hydra closely misses you.
The five-headed hydra bites you but does no damage.
The five-headed hydra closely misses you.
The five-headed hydra bites you.
The five-headed hydra bites you but does no damage.
The five-headed hydra bites you.
The five-headed hydra closely misses you.
You bludgeon the five-headed hydra!! Your kick misses the five-headed hydra.
The five-headed hydra is severely wounded.
The five-headed hydra bites you!
* * * LOW HITPOINT WARNING * * *
The five-headed hydra bites you but does no damage.
The five-headed hydra barely misses you.
The five-headed hydra bites you.
* * * LOW HITPOINT WARNING * * *
The five-headed hydra bites you!
* * * LOW HITPOINT WARNING * * *
The five-headed hydra bites you.
You die...

###.........
#..........#
##.....$...
#P........#
#.........#
###.........#
.........D..#
#.....#@P.#
#.P.>..####
#P....##
###...##
#...#.##
#......##
##......##
#.......#
#.......#


You could see a five-headed hydra.

Vanquished Creatures
  Harold (D:9)
  A hydra (Lair:1)
  A two-headed ogre (D:9)
  An oklob plant (Lair:1)
  4 spiny frogs (Lair:2)
  A rime drake (Lair:1)
  4 komodo dragons
  2 ice devils
  A queen bee (Lair:3)
  The ghost of Dragon00 the Skirmisher, an amateur MiBe of Trog (D:4)
  5 hippogriffs
  A snapping turtle (Lair:2)
  3 wyverns
  3 yaks
  A basilisk (Lair:2)
  A steam dragon (D:9)
  A hungry ghost (D:7)
  6 porcupines
  9 water moccasins
  4 sky beasts
  2 ice beasts
  A phantom (D:4)
  4 wolves
  3 ogres
  3 centaurs
  11 crocodiles
  17 bullfrogs
  3 scorpions
  23 killer bees (Lair:3)
  8 wights (D:7)
  A howler monkey (D:8)
  2 crimson imps
  A centaur zombie (D:9)
  6 hounds
  4 bullfrog zombies
  A bullfrog skeleton (D:9)
  A jelly (D:5)
  A quasit (D:6)
  3 orc priests
  Crazy Yiuf (D:5)
  Terence (D:2)
  An iguana (D:8)
  8 worker ants
  Natasha (thrice) (D:2)
  4 orc wizards
  A hound zombie (D:6)
  2 hound skeletons
  5 gnolls
  A howler monkey skeleton (D:9)
  2 worker ant zombies
  14 adders
  2 shadow imps
  12 oozes
  4 worms
  A dart slug (D:2)
  17 leopard geckos
  19 orcs
  19 giant cockroaches
  5 goblins
  6 hobgoblins
  8 jackals
  4 quokkas
  13 ball pythons
  A ball python skeleton (D:4)
  6 bats
  10 frilled lizards
  A giant cockroach zombie (D:6)
  3 kobolds
  6 rats
326 creatures vanquished.

Vanquished Creatures (others)
  A spiny frog (Lair:2)
  An electric eel (Lair:2)
  2 plants
4 creatures vanquished.

Grand Total: 330 creatures vanquished

Notes
Turn   | Place    | Note
-------+----------+-------------------------------------------
     0 | Abyss:1  | Gargoyl the Centaur Abyssal Knight began the quest for the
                  | Orb.
     0 | Abyss:1  | Reached XP level 1. HP: 19/19 MP: 2/2
    90 | Abyss:1  | Noticed a thrashing horror
    95 | Abyss:1  | Noticed a large abomination
    96 | D:1      | Escaped the Abyss
   109 | D:1      | Reached XP level 2. HP: 20/26 MP: 3/3
   296 | D:1      | Found a shattered altar of Ashenzari.
   389 | D:1      | Reached * piety under Lugonu
   655 | D:1      | Reached skill level 1 in Dodging
   931 | D:2      | Reached XP level 3. HP: 31/31 MP: 4/4
  1318 | D:2      | Noticed Natasha
  1327 | D:2      | Killed Natasha
  1327 | D:2      | Reached XP level 4. HP: 11/39 MP: 5/5
  1610 | D:2      | Noticed Natasha
  1626 | D:2      | Killed Natasha
  2180 | D:2      | Reached XP level 5. HP: 32/46 MP: 7/7
  2229 | D:2      | Noticed Natasha
  2319 | D:2      | Killed Natasha
  2427 | D:2      | Noticed Terence
  2441 | D:2      | Killed Terence
  2973 | D:2      | Found a hide-covered altar of Uskayaw.
  3807 | D:3      | Reached ** piety under Lugonu
  3817 | D:3      | Reached XP level 6. HP: 49/52 MP: 8/8
  3821 | D:3      | Found a sparkling altar of Nemelex Xobeh.
  4339 | D:4      | Found the +10 dark maul {crush}
  4364 | D:4      | Reached XP level 7. HP: 29/59 MP: 9/9
  4581 | D:4      | Found an ancient bone altar of Kikubaaqudgha.
  4581 | D:4      | Found an iron altar of Okawaru.
  4581 | D:4      | Found a shadowy altar of Dithmenos.
  4600 | D:4      | Found a blossoming altar of Fedhas.
  4630 | D:4      | Found a runed translucent gate.
  4630 | D:4      | Found a runed translucent gate.
  4630 | D:4      | Found a runed translucent gate.
  4631 | D:4      | Found an opulent altar of Gozag.
  4634 | D:4      | Found a staircase to the Ecumenical Temple.
  4713 | D:4      | Noticed Dragon00's ghost (amateur MiBe)
  5351 | D:4      | Killed Dragon00's ghost
  5351 | D:4      | Reached skill level 1 in Maces & Flails
  5457 | D:5      | Entered Level 5 of the Dungeon
  5692 | D:5      | Reached skill level 2 in Maces & Flails
  5692 | D:5      | Reached XP level 8. HP: 65/67 MP: 11/11
  5693 | D:5      | Found a shattered altar of Ashenzari.
  6444 | D:5      | Found a runed translucent door.
  6445 | D:5      | Noticed Crazy Yiuf
  6768 | D:5      | Killed Crazy Yiuf
  6991 | D:6      | Reached skill level 3 in Maces & Flails
  7119 | D:6      | Found a glowing drain.
  7138 | Sewer    | Entered a sewer
  7186 | Sewer    | Reached *** piety under Lugonu
  7542 | Sewer    | Reached skill level 5 in Invocations
  7547 | Sewer    | HP: 5/100 [frilled lizard (2)]
  7898 | D:6      | Reached **** piety under Lugonu
  8105 | D:6      | Found a glowing silver altar of Zin.
  8106 | D:6      | Found a white marble altar of Elyvilon.
  8107 | D:6      | Found a glowing golden altar of the Shining One.
  8197 | D:6      | Found an ornate altar of the Wu Jian Council.
  8209 | D:6      | Reached skill level 4 in Maces & Flails
  8427 | D:6      | Reached XP level 9. HP: 71/73 MP: 12/12
  9026 | D:7      | Found Quxyd's Assorted Antiques.
  9045 | D:7      | Reached skill level 5 in Armour
  9234 | D:7      | Bought a pair of embroidered gloves for 232 gold pieces
  9450 | D:7      | Found a stormy altar of Qazlal.
  9473 | D:7      | Reached skill level 5 in Fighting
  9520 | D:7      | Reached skill level 5 in Maces & Flails
 10007 | D:7      | Found a basalt altar of Yredelemnul.
 10304 | D:7      | Bought a glowing cloak for 232 gold pieces
 10332 | D:7      | Found a deep blue altar of Sif Muna.
 10407 | D:8      | Reached skill level 6 in Maces & Flails
 10920 | D:9      | Noticed Harold
 10924 | D:9      | Killed Harold
 10924 | D:9      | Reached XP level 10. HP: 75/83 MP: 14/14
 11022 | D:9      | Reached ***** piety under Lugonu
 11076 | D:9      | Found a sacrificial altar of Ru.
 11100 | D:9      | Reached skill level 7 in Maces & Flails
 11180 | D:9      | Noticed a two-headed ogre
 11182 | D:9      | Killed a two-headed ogre
 11647 | D:9      | Found a staircase to the Lair.
 11769 | Lair:1   | Entered Level 1 of the Lair of Beasts
 11942 | Lair:1   | Reached skill level 1 in Throwing
 12149 | Lair:1   | Reached skill level 8 in Maces & Flails
 12209 | Lair:1   | Noticed a seven-headed hydra
 12214 | Lair:1   | Killed a seven-headed hydra
 12291 | Lair:1   | Reached XP level 11. HP: 69/91 MP: 16/16
 12541 | Lair:1   | Reached skill level 5 in Dodging
 13206 | Lair:1   | Got a fine scimitar
 13207 | Lair:1   | Identified the +8 scimitar "Sahing" {freeze, rPois Int+3
                  | Dex+6} (You found it on level 1 of the Lair of Beasts)
 13410 | Lair:1   | Noticed an oklob plant
 13410 | Lair:1   | Noticed an oklob plant
 13563 | Lair:1   | Noticed an oklob plant
 13563 | Lair:1   | Noticed an oklob plant
 13570 | Lair:1   | Killed an oklob plant
 13869 | Lair:2   | Found a burning altar of Makhleb.
 13934 | Lair:2   | Reached skill level 9 in Maces & Flails
 14472 | Lair:2   | Found a staircase to the Shoals.
 14478 | Shoals:1 | Entered Level 1 of the Shoals
 16693 | Lair:3   | Found a staircase to the Snake Pit.
 17601 | Lair:3   | Reached XP level 12. HP: 36/100 MP: 18/18
 18978 | Lair:4   | Noticed a five-headed hydra
 18984 | Lair:4   | HP: 5/100 [five-headed hydra (14)]
 18984 | Lair:4   | Slain by a five-headed hydra

Skill      XL: |  1  2  3  4  5  6  7  8  9 10 11 |
---------------+----------------------------------+-----
Axes           | 2 3 4 |  4.1
Dodging        | 1 2 3 4 5 |  5.8
Armour         | 2 3 4 5 6 7 |  7.6
Invocations    | 3 4 5 6 7 8 |  8.8
Fighting       | 4 5 6 7 |  7.5
Maces & Flails | 2 4 6 8 9 |  9.9
Throwing       | 1 2 |  2.2
Evocations     | |  0.1

Action                   |  1- 3 |  4- 6 |  7- 9 | 10-12 || total
-------------------------+-------+-------+-------+-------++-------
Melee: Hand axe          |    68 |   177 |       |       ||   245
       Kick              |     9 |    31 |    38 |    35 ||   113
       Unarmed           |       |     2 |       |       ||     2
       Maul              |       |     1 |   261 |   213 ||   475
Throw: Tomahawk          |       |       |       |    10 ||    10
       Javelin           |       |       |       |     8 ||     8
Invok: Depart the Abyss  |     1 |       |       |       ||     1
       Bend Space        |       |       |     2 |       ||     2
       Banish            |       |       |       |     3 ||     3
 Abil: Evoke Berserk Rag |       |       |     1 |     1 ||     2
Evoke: Wand              |       |     1 |       |       ||     1
  Use: Scroll            |       |     4 |    15 |    12 ||    31
       Potion            |       |     3 |     1 |     2 ||     6
  Eat: Chunk             |       |     7 |    16 |    10 ||    33
       Ration            |       |     1 |     1 |     5 ||     7
Armor: Leather armour    |    43 |    19 |       |       ||    62
       Ring mail         |       |    47 |   375 |   214 ||   636
Dodge: Dodged            |    35 |    76 |   348 |   289 ||   748
